AoeStats
← 我要干饭啦

Black Forest

509382810Analyzed
4v4 RM · 7d ago on Sep 26, 2026· 46m 23s· 8 players
Game mode
Random Map
Map size
Large (8 player)
Population
200
Speed
Normal
Resources
Standard
Victory
Conquest
Starting age
Dark Age
Ending age
Imperial Age
RankedLock teamsTeams togetherTeam positionsShared explorationLock speedFull tech treeHidden civsTurbo modeCheats
Victory
Defeat
🇦🇷 Saxons · Argentina
1275
+13
🇹🇼 Franks · Taiwan
1261
+14
🇮🇱 Mongols · Israel
1247
+15
🇹🇷 Khmer · Türkiye
1241
+15
🇨🇳 Bohemians · China
1266
-16
🇲🇴 Persians · Macao SAR China
1250
-16
🇨🇳 Jurchens · China
1243
-15
🇨🇳 Britons · China
1113
-10
-LN-cheperico
1:49 Loom
7:07 Loom
11:01 Feudal Age
12:02 Double-Bit Axe
16:37 Castle Age
14:47 Fletching
15:05 Horse Collar
16:41 Gold Mining
18:04 Bow Saw
19:44 Town Watch
23:51 Treadmill Crane
25:33 Guard Tower
27:28 Bodkin Arrow
32:13 Wheelbarrow
32:29 Masonry
34:53 Scale Mail Armor
36:10 Heavy Plow
37:35 Chain Mail Armor
37:54 Murder Holes
38:28 Squires
38:16 Gambesons
42:37 Imperial Age
41:09 Hand Cart
41:33 Ballistics
41:41 Arson
45:12 Plate Mail Armor
44:33 Arrowslits
46:21 Chemistry
45:54 Bracer
47:20 Keep
BøM_從小不缺鮑魚
11:08 Feudal Age
11:48 Double-Bit Axe
12:10 Gold Mining
14:44 Castle Age
15:44 Bow Saw
21:39 Gold Shaft Mining
21:57 Wheelbarrow
21:52 Stone Mining
23:01 Hand Cart
28:07 Imperial Age
25:58 Forging
25:54 Scale Barding Armor
27:33 Iron Casting
27:10 Loom
27:49 Chain Barding Armor
27:55 Husbandry
29:13 Caravan
28:35 Cavalier
30:17 Blast Furnace
29:59 Chivalry
30:01 Paladin
31:18 Plate Barding Armor
30:09 Onager
31:52 Chemistry
31:47 Conscription
33:03 Ballistics
40:39 Siege Engineers
43:48 Hoardings
44:51 Treadmill Crane
45:06 Murder Holes
45:46 Coinage
45:28 Scale Mail Armor
45:19 Fletching
46:12 Elite Throwing Axeman
46:17 Pikeman
46:58 Squires
46:55 Bodkin Arrow
Conqurues
6:19 Loom
11:14 Feudal Age
14:02 Castle Age
13:22 Double-Bit Axe
13:20 Horse Collar
16:00 Bow Saw
15:55 Heavy Plow
29:38 Imperial Age
27:47 Wheelbarrow
28:26 Bloodlines
28:17 Husbandry
30:37 Hand Cart
30:31 Scale Barding Armor
30:38 Forging
31:32 Chain Barding Armor
32:20 Iron Casting
31:12 Elite Battle Elephant
32:36 Gold Mining
35:29 Plate Barding Armor
35:56 Blast Furnace
45:50 Tusk Swords
46:11 Conscription
Mike
1:19 Loom
11:50 Feudal Age
16:22 Castle Age
14:27 Double-Bit Axe
14:30 Horse Collar
17:33 Bow Saw
22:44 Heavy Plow
24:03 Wheelbarrow
24:10 Wheelbarrow
24:31 Town Watch
24:54 Gold Mining
25:43 Gold Mining
26:13 Hand Cart
28:13 Gold Shaft Mining
29:05 Scale Barding Armor
29:11 Forging
32:06 Imperial Age
32:10 Coinage
32:25 Bloodlines
32:17 Husbandry
33:51 Chemistry
33:17 Ballistics
32:34 Onager
32:36 Capped Ram
32:50 Light Cavalry
33:12 Elite Mangudai
33:36 Siege Ram
36:13 Conscription
35:26 Heavy Scorpion
39:38 Fletching
39:55 Siege Engineers
39:53 Padded Archer Armor
39:59 Scale Barding Armor
40:04 Forging
40:24 Drill
40:17 Bodkin Arrow
43:03 Bracer
43:19 Leather Archer Armor
44:01 Thumb Ring
44:27 Parthian Tactics
长崎舞喜姬
10:10 Feudal Age
14:02 Castle Age
12:21 Double-Bit Axe
12:48 Horse Collar
22:00 Wheelbarrow
21:42 Bow Saw
22:28 Gold Mining
24:05 Gold Shaft Mining
24:36 Town Watch
25:06 Hand Cart
27:33 Imperial Age
25:44 Scale Barding Armor
25:49 Forging
25:59 Stone Mining
26:35 Heavy Plow
27:54 Bloodlines
27:44 Husbandry
27:21 Cavalier
28:12 Forging
28:24 Chain Barding Armor
29:17 Two-Man Saw
30:06 Chemistry
29:54 Crop Rotation
30:29 Iron Casting
30:30 Plate Barding Armor
30:01 Savar
31:42 Ballistics
32:02 Stone Shaft Mining
36:02 Heavy Camel Rider
37:43 Blast Furnace
36:52 Caravan
何金银
0:45 Loom
14:46 Feudal Age
16:02 Double-Bit Axe
18:55 Castle Age
17:53 Horse Collar
27:50 Pikeman
35:58 Wheelbarrow
我要干饭啦
11:09 Feudal Age
14:51 Castle Age
12:56 Double-Bit Axe
13:32 Horse Collar
16:19 Bow Saw
16:34 Heavy Plow
20:01 Loom
25:38 Gold Mining
25:38 Stone Mining
25:39 Gold Mining
26:28 Wheelbarrow
27:40 Scale Barding Armor
27:45 Forging
28:03 Loom
28:34 Hand Cart
30:52 Imperial Age
28:09 Loom
30:33 Iron Casting
31:14 Chain Barding Armor
31:15 Elite Iron Pagoda
32:49 Plate Barding Armor
33:17 Husbandry
33:28 Bloodlines
34:13 Squires
33:58 Arson
33:59 Gambesons
34:01 Arson
35:17 Gold Shaft Mining
35:17 Stone Shaft Mining
35:20 Crop Rotation
34:57 Pikeman
36:52 Blast Furnace
38:17 Conscription
38:27 Elite Fire Lancer
39:31 Scale Mail Armor
39:45 Fortified Bastions
40:21 Hoardings
41:47 Chain Mail Armor
42:51 Two-Man Saw
42:51 Capped Ram
44:55 Halberdier
46:06 Fortified Bastions
46:40 Fletching
无理我
12:49 Feudal Age
14:22 Loom
19:49 Castle Age
21:32 Double-Bit Axe
22:56 Bow Saw
23:44 Horse Collar
25:32 Heavy Plow
26:38 Wheelbarrow
29:58 Hand Cart
30:08 Town Watch
30:59 Fletching
32:27 Yeomen
34:57 Imperial Age
34:06 Town Patrol
34:05 Bodkin Arrow
34:11 Padded Archer Armor
33:39 Crossbowman
36:00 Arbalester
36:54 Pikeman
37:34 Squires
39:08 Halberdier
44:50 Bracer
45:05 Leather Archer Armor
Connection lost

Rejoining the realm…

Still unreachable

The connection could not be restored.

Session expired

The server has moved on; the page needs a fresh start.